 Dungeon Crawl Stone Soup version 0.23-a0-673-g3803c42f16 (webtiles) character file.

3233 DEFE the Geomancer (level 9, -1/55 HPs)
             Began as an Octopode Wanderer on Jan 9, 2019.
             Was a Follower of Vehumet.
             Slain by a hippogriff (4 damage)
             ... on level 7 of the Dungeon.
             The game lasted 00:15:52 (9335 turns).

DEFE the Geomancer (Octopode Wanderer)              Turns: 9335, Time: 00:15:53

Health: -1/55      AC:  1    Str: 10    XL:     9   Next: 98%
Magic:  15/18      EV: 16    Int: 18    God:    Vehumet [*.....]
Gold:   451        SH:  0    Dex: 12    Spells: 16/20 levels left

rFire    . . .     SeeInvis .   g - +1 short sword (venom)
rCold    . . .     Gourm    .   (no shield)
rNeg     + . .     Faith    .   (helmet restricted)
rPois    .         Spirit   .   l - amulet of regeneration
rElec    .         Reflect  .   n - +3 ring of evasion
rCorr    .         Harm     .   (no ring)
MR       .....                  C - ring of positive energy
Stlth    +++.......             (no ring)
HPRegen  0.58/turn              (no ring)
MPRegen  0.16/turn              (no ring)
                                (no ring)
                                (no ring)

@: no status effects
A: almost no armour, stealthy swim, amphibious, 8 rings, constrict 8, camouflage
1, gelatinous body 1
a: Renounce Religion


You were on level 7 of the Dungeon.
You worshipped Vehumet.
Vehumet was aware of your devotion.
You were hungry.

You visited 2 branches of the dungeon, and saw 8 of its levels.

You collected 451 gold pieces.

Inventory:

Hand Weapons
 g - a +1 short sword of venom (weapon)
 o - a +0 blowgun
 u - a +3 dagger of protection
 v - a +1 dagger of venom
Missiles
 h - 233 stones (quivered)
 p - 2 curare-tipped needles
Jewellery
 l - an amulet of regeneration (around mantle)
 n - a +3 ring of evasion (left tentacle)
 C - a ring of positive energy (on tentacle)
Scrolls
 a - 2 scrolls of enchant armour
 b - 2 scrolls of fog
 e - 2 scrolls of remove curse
 i - 2 scrolls of teleportation
 k - a scroll of silence {unknown}
 s - 2 scrolls of immolation
 w - 2 scrolls of blinking
 y - a scroll of enchant weapon {unknown}
 z - 2 scrolls of identify
Potions
 c - 4 potions of haste
 f - 2 potions of degeneration {unknown}
 j - 4 potions of flight
 m - 2 potions of curing
 q - a potion of lignification
 r - a potion of resistance
 x - 2 potions of heal wounds {unknown}
 A - a potion of magic {unknown}
 B - a potion of mutation {unknown}
Comestibles
 d - 9 rations


   Skills:
 - Level 2.6 Fighting
 - Level 2.1 Short Blades
 - Level 1.2 Throwing
 - Level 1.4 Dodging
 - Level 3.2 Stealth
 - Level 1.0 Unarmed Combat
 + Level 6.2 Spellcasting
 - Level 5.4 Conjurations
   Level 1.0 Air Magic
 + Level 9.9 Earth Magic


You had 16 spell levels left.
You knew the following spells:

 Your Spells              Type           Power        Failure   Level  Hunger
a - Sandblast             Erth           #####.       1%          1    None
b - Stone Arrow           Conj/Erth      ####..       1%          3    ##.....

Your spell library contained the following spells:

 Spells                   Type           Power        Failure   Level  Hunger
 Flame Tongue             Conj/Fire      ###..        3%          1    None
 Shock                    Conj/Air       ###.         3%          1    None
 Static Discharge         Conj/Air       ###.....     10%         3    ##.....
 Swiftness                Chrm/Air       #.......     14%         2    None
 Airstrike                Air            #.........   61%         4    ####...
 Lightning Bolt           Conj/Air       ###.......   65%         5    #####..


Dungeon Overview and Level Annotations

Branches:
Dungeon (7/15)             Temple (1/1) D:4

Altars:
Ashenzari
Cheibriados
Dithmenos
Elyvilon
Fedhas
Gozag
Hepliaklqana
Kikubaaqudgha
Nemelex Xobeh
Qazlal
Ru
Sif Muna
Uskayaw
Vehumet
Wu Jian
Xom
Yredelemnul
Zin
The Shining One


Innate Abilities, Weirdness & Mutations

You cannot wear most types of armour.
You are very stealthy in the water. (Stealth+)
You are amphibious.
You can wear up to eight rings at the same time.
You can use your tentacles to constrict eight enemies at once.
Your skin changes colour to match your surroundings (Stealth+).
Your rubbery body absorbs attacks. (AC +1, EV +1)


Message History

Aim: a hippogriff The blast of sand hits the hippogriff.
h - 234 stones The hippogriff bites you.
The hippogriff barely misses you. The hippogriff claws you.
* * * LOW HITPOINT WARNING * * *
You take 8 damage, and have 15/55 hp.
You now have 16/18 mp.
Aim: a hippogriff (lightly wounded)
The blast of sand hits the hippogriff.
h - 233 stones The hippogriff bites you!
* * * LOW HITPOINT WARNING * * *
The hippogriff pecks you.
* * * LOW HITPOINT WARNING * * *
The hippogriff barely misses you.
You take 10 damage, and have 5/55 hp.
You now have 15/18 mp.
You feel better. The hippogriff bites you!
* * * LOW HITPOINT WARNING * * *
The hippogriff pecks you.
You die...

#.# #.#
#.##.# #.#
#.####.##†#
########.#
#.........#
.........#
######.####
########.#
#.# #.#
#####.# ..#
#.....# ###
#.##### #@#
#H# #.# ...
?....
......#
##.....#
#.....#
...#.##


You could see a hippogriff.

Vanquished Creatures
  Pikel (D:5)
  Sigmund (D:4)
  Edmund (D:5)
  An orc warrior (D:6)
  A slave (D:5)
  2 phantoms
  2 ogres
  A centaur (D:5)
  A big kobold (D:3)
  3 bullfrogs
  A gnoll sergeant (D:6)
  2 scorpions
  6 killer bees (D:4)
  2 howler monkeys
  3 wights
  2 bullfrog skeletons (D:4)
  A centaur skeleton (D:6)
  3 orc priests
  6 hounds
  4 orc wizards
  An iguana (D:4)
  7 worker ants
  A hound zombie (D:5)
  A hound skeleton (D:5)
  8 gnolls
  A howler monkey skeleton (D:6)
  15 adders
  2 shadow imps
  3 oozes
  A worm (D:6)
  A dart slug (D:4)
  10 leopard geckos
  23 orcs
  2 ball pythons
  A giant cockroach (D:4)
  15 goblins
  13 hobgoblins
  11 jackals
  14 kobolds
  4 quokkas
  15 bats
  3 frilled lizards
  A jackal zombie (D:6)
  A leopard gecko skeleton (D:4)
  3 quokka skeletons
  A quokka zombie (D:5)
  12 rats
214 creatures vanquished.

Vanquished Creatures (others)
  A crimson imp (D:5)
  A centaur skeleton (D:5)
  A spectral orc (D:5)
3 creatures vanquished.

Grand Total: 217 creatures vanquished

Notes
Turn   | Place    | Note
-------+----------+-------------------------------------------
     0 | D:1      | DEFE the Octopode Wanderer began the quest for the Orb.
     0 | D:1      | DEFE set off with the following items: a potion of
                  | lignification, a +0 dagger, a ration; and the following
                  | spell memorised: Sandblast; and the following spells
                  | available to memorise: Stone Arrow
     0 | D:1      | Reached XP level 1. HP: 14/14 MP: 3/3
   248 | D:1      | Reached XP level 2. HP: 20/20 MP: 5/5
   756 | D:1      | Reached XP level 3. HP: 25/25 MP: 6/6
  1438 | D:2      | Reached skill level 1 in Earth Magic
  1698 | D:2      | Found a hide-covered altar of Uskayaw.
  1750 | D:2      | Reached XP level 4. HP: 26/30 MP: 7/7
  1843 | D:2      | Reached skill level 2 in Earth Magic
  2841 | D:2      | Learned a level 3 spell: Stone Arrow
  3165 | D:3      | Reached skill level 3 in Earth Magic
  3187 | D:3      | Reached XP level 5. HP: 35/35 MP: 8/8
  3360 | D:3      | Reached skill level 4 in Earth Magic
  3398 | D:3      | Reached XP level 6. HP: 41/41 MP: 9/9
  3674 | D:3      | Reached skill level 5 in Earth Magic
  4294 | D:3      | Reached skill level 1 in Conjurations
  5040 | D:4      | Noticed Sigmund
  5054 | D:4      | Killed Sigmund
  5054 | D:4      | Reached XP level 7. HP: 45/45 MP: 8/10
  5485 | D:4      | Reached skill level 5 in Conjurations
  5703 | D:4      | Reached XP level 8. HP: 29/51 MP: 11/11
  5800 | D:4      | Reached skill level 6 in Earth Magic
  5923 | D:4      | Reached skill level 1 in Short Blades
  5986 | D:4      | Reached skill level 7 in Earth Magic
  6276 | D:4      | Found a staircase to the Ecumenical Temple.
  6325 | Temple   | Entered the Ecumenical Temple
  6380 | Temple   | DEFE: !rng 1 2
  6380 | Temple   | beem: The RNG chooses: 1.
  6380 | Temple   | DEFE: !rng veh sif
  6380 | Temple   | beem: The RNG chooses: veh.
  6386 | Temple   | Became a worshipper of Vehumet
  6481 | D:5      | Entered Level 5 of the Dungeon
  6814 | D:5      | Found a stormy altar of Qazlal.
  6857 | D:5      | Reached skill level 8 in Earth Magic
  6929 | D:5      | Noticed Edmund
  6940 | D:5      | Killed Edmund
  6940 | D:5      | Reached XP level 9. HP: 40/55 MP: 12/14
  6981 | D:5      | Noticed Pikel
  6999 | D:5      | Killed Pikel
  7112 | D:5      | Found an opulent altar of Gozag.
  7115 | D:5      | Found an ornate altar of the Wu Jian Council.
  7117 | D:5      | Found a blossoming altar of Fedhas.
  7254 | D:5      | Found a basalt altar of Yredelemnul.
  7498 | D:6      | Reached * piety under Vehumet
  7498 | D:6      | Offered knowledge of Flame Tongue by Vehumet.
  7498 | D:6      | Reached skill level 9 in Earth Magic
  7598 | D:6      | Reached skill level 5 in Spellcasting
  9335 | D:7      | Slain by a hippogriff

Vault maps used:
D:1:      evilmike_arrival_fibonacci_small, hangedman_glass_teeth
D:2:      lemuel_doored_altar, first_ration, minmay_cut_off
D:3:      minmay_razor_zed, minivault_19, moated_statue
D:4:      minmay_temple_entry_slanted, uniq_sigmund
D:5:      yredelemnul_forgotten_temple_becter, grunt_qazlal_sundering,
          grunt_temple_overflow_open, uniq_edmund, uniq_pikel
D:7:      old_standard_altar
Temple:   cyrus_circular_temple

Skill      XL: |  1  2  3  4  5  6  7  8  9 |
---------------+----------------------------+-----
Stealth        | 3 |  3.2
Earth Magic    | 1 3 4 5 8 9 |  9.9
Conjurations   | 4 5 |  5.4
Short Blades   | 2 |  2.1
Spellcasting   | 3 6 |  6.2
Fighting       | |  2.6
Throwing       | |  1.2
Dodging        | |  1.4
Unarmed Combat | |  1.0
Air Magic      | |  1.0

Action                   |  1- 3 |  4- 6 |  7- 9 || total
-------------------------+-------+-------+-------++-------
Melee: Dagger            |    46 |       |       ||    46
       Constrict         |    20 |    45 |    55 ||   120
       Tentacles         |    10 |    22 |    34 ||    66
       Short sword       |    44 |   188 |   241 ||   473
       Punch             |       |       |     3 ||     3
 Fire: Blowgun           |       |     8 |     6 ||    14
 Cast: Sandblast         |     1 |       |    66 ||    67
       Stone Arrow       |       |       |     8 ||     8
  Use: Scroll            |       |     4 |     9 ||    13
       Potion            |       |       |     4 ||     4
 Stab: Sleeping          |     6 |    19 |    10 ||    35
  Eat: Chunk             |     2 |    10 |     8 ||    20
       Ration            |       |       |     2 ||     2
Armor: Skin              |     3 |    15 |    80 ||    98
Dodge: Dodged            |    45 |   184 |   175 ||   404

Table legend:
 A = Non-vault XP
 B = Vault XP
 C = Vault XP percentage of total XP
 D = Non-vault monster count
 E = Vault monster count
 F = Vault count percentage of total count
                 A         B        C        D         E       F
            +---------+---------+-------+---------+---------+-------
      Total |    3531 |    1088 |  23.6 |     192 |      21 |   9.9
            +---------+---------+-------+---------+---------+-------
        D:1 |      48 |       2 |   4.0 |      26 |       2 |   7.1
        D:2 |      84 |       6 |   6.7 |      29 |       3 |   9.4
        D:3 |     360 |      49 |  12.0 |      45 |      13 |  22.4
        D:4 |    1011 |     223 |  18.1 |      36 |       1 |   2.7
        D:5 |     520 |     808 |  60.8 |      17 |       2 |  10.5
        D:6 |    1221 |       0 |   0.0 |      35 |       0 |   0.0
        D:7 |     287 |       0 |   0.0 |       4 |       0 |   0.0
            +---------+---------+-------+---------+---------+-------
